 Dungeon Crawl Stone Soup version 0.19-a0-1058-g5566a1a (webtiles) character file.

62398 Deeps the Severer (level 14, -11/135 HPs)
             Began as a Minotaur Fighter on Aug 3, 2016.
             Was the Champion of Okawaru.
             Killed from afar by a deep elf mage (31 damage)
             ... with a bolt of lightning
             ... on level 2 of the Elven Halls.
             The game lasted 00:52:29 (16355 turns).

Deeps the Severer (Minotaur Fighter)               Turns: 16355, Time: 00:52:31

Health: -11/135    AC: 27    Str: 31    XL:     14   Next: 64%
Magic:  13/13      EV: 10    Int:  6    God:    Okawaru [******]
Gold:   598        SH: 15    Dex: 17    Spells: 0 memorised, 13 levels left

rFire  . . .     SeeInvis .     J - +1 broad axe (flame)
rCold  . . .     Gourm    .     w - +7 chain mail of the Stars {rCorr Str-2 Dex+4}
rNeg   + . .     Faith    +     g - +0 shield {reflect}
rPois  .         Spirit   .     (helmet unavailable)
rElec  .         Dismiss  .     S - +0 cloak
rCorr  +         Reflect  +     r - +0 pair of gloves
SustAt .         Harm     .     K - +0 pair of boots {Stlth+}
MR     +....                    U - amulet of faith
Stlth  ..........               Q - ring of the Octopus King {rN+ AC+1 EV+1 Str+1 Int+1 Dex+1}
                                s - +6 ring of strength

@: liquid flames, glowing, somewhat resistant to hostile enchantments, extremely
unstealthy
A: retaliatory headbutt, horns 3, yellow scales 1, agile 1
a: Heroism, Finesse, Renounce Religion


You were on level 2 of the Elven Halls.
You worshipped Okawaru.
Okawaru was exalted by your worship.
You were not hungry.

You visited 4 branches of the dungeon, and saw 15 of its levels.
You visited the Abyss 1 time.
You also visited: Sewer and Ossuary.

You collected 1573 gold pieces.
You spent 975 gold pieces at shops.

Inventory:

Hand Weapons
 x - a +1 flail of crushing
 J - a +1 broad axe of flaming (weapon)
 O - a +2 battleaxe of chopping
Missiles
 R - 5 javelins of penetration
 T - 7 steel javelins (quivered)
Armour
 c - a +0 shield
 g - a +0 shield of reflection (worn)
 r - a +0 pair of gloves (worn)
 w - the +7 chain mail of the Stars (worn) {rCorr Str-2 Dex+4}
   (You bought it in a shop on level 2 of the Orcish Mines)

   It affects your strength (-2).
   It affects your dexterity (+4).
   It protects you from acid and corrosion.
 I - a +1 hat of intelligence
 K - a +0 pair of boots of stealth (worn)
 S - a +0 cloak (worn)
 X - a +3 ring mail of cold resistance
Jewellery
 b - an uncursed ring of positive energy
 k - an uncursed ring of sustain attributes
 m - an uncursed amulet of dismissal
 p - a +3 ring of protection
 s - a +6 ring of strength (left hand)
 v - an uncursed amulet of guardian spirit {unknown}
 y - a +3 ring of intelligence
 A - a +2 ring of intelligence
 G - an uncursed ring of flight
 Q - a ring of the Octopus King (right hand) {rN+ AC+1 EV+1 Str+1 Int+1 Dex+1}
   (You found it on level 9 of the Dungeon)

   [ring of positive energy]

   It affects your AC (+1).
   It affects your evasion (+1).
   It affects your strength (+1).
   It affects your intelligence (+1).
   It affects your dexterity (+1).
   It protects you from negative energy.
 U - an amulet of faith (around neck)
Wands
 e - a wand of slowing (31/48)
 j - a wand of teleportation (3/9)
 E - a wand of enslavement (10/24)
 N - a wand of polymorph (11/24)
 W - a wand of slowing (32/48)
 Z - a wand of polymorph (18/24)
Scrolls
 a - a scroll of brand weapon
 l - 12 scrolls of remove curse
 q - 4 scrolls of identify
 u - 5 scrolls of fog
 z - 2 scrolls of teleportation
 B - 3 scrolls of recharging
 C - 2 scrolls of magic mapping
 D - a scroll of blinking
 F - a scroll of silence
 P - a scroll of enchant weapon {unknown}
Potions
 d - a potion of might
 i - 3 potions of brilliance
 n - 4 potions of agility
 o - 6 potions of curing
 H - 2 potions of flight
 L - 3 potions of lignification
 Y - a potion of cancellation {unknown}
Books
 M - a book of the Sky

   Spells                             Type                      Level
   a - Summon Lightning Spire         Summoning/Air                4
   b - Airstrike                      Air                          4
   c - Silence                        Hexes/Air                    5
   d - Deflect Missiles               Charms/Air                   6
   e - Conjure Ball Lightning         Conjuration/Air              6
   f - Tornado                        Air                          9
Comestibles
 f - 7 bread rations
 h - 7 fruits
 t - 2 beef jerkies
 V - 2 slices of pizza


   Skills:
 + Level 15.4 Fighting
 - Level 17.0 Axes
 + Level 13.3 Armour
 - Level 1.0 Stealth
 + Level 15.1 Shields
 + Level 1.0 Evocations


You had 13 spell levels left.
You didn't know any spells.

Dungeon Overview and Level Annotations

Branches:
Dungeon (10/15)            Temple (1/1) D:5             Orc (2/2) D:10
    Elf (2/3) Orc:2
   Lair: D:8-11

Altars:
Ashenzari
Cheibriados
Dithmenos
Elyvilon
Fedhas
Gozag
Hepliaklqana
Kikubaaqudgha
Makhleb
Nemelex Xobeh
Okawaru
Pakellas
Qazlal
Ru
Sif Muna
Trog
Uskayaw
Vehumet
Xom
Yredelemnul
Zin
The Shining One
Beogh
Jiyva

Shops:
D:7 *=   D:10 !   Orc:1 =   Orc:2 [?%!


Innate Abilities, Weirdness & Mutations

You reflexively headbutt those who attack you in melee.
You have a pair of large horns on your head.
You are partially covered in yellow scales. (AC +2)
You are agile. (Dex +2)


Message History

The battleaxe of electrocution hits you!
* * * LOW HITPOINT WARNING * * *
You are electrocuted!
* * * LOW HITPOINT WARNING * * *
You block the deep elf mage's attack.
You feel better.
You block the battleaxe of electrocution's attack.
The deep elf mage casts a spell at you. The sticky flame hits you!
You are covered in liquid flames!
You closely miss the deep elf mage.
The deep elf mage is severely wounded.
You barely miss the battleaxe of electrocution.
You are covered in liquid flames!
* * * LOW HITPOINT WARNING * * *
The deep elf mage points at you and mumbles some strange words.
The bolt of lightning hits the battleaxe of electrocution.
The battleaxe of electrocution completely resists.
The bolt of lightning hits you!
You die...

#...#..........
#..............
...............
...............
...........e...
.............
..........#
#......e(##
#......@).#
#.......)##
..........#
............
..............
................
................
#...............
...#...........


You could see 2 deep elf magi and a battleaxe of electrocution.

Vanquished Creatures
  Kirke (Elf:1)
  Gastronok (D:10)
  A deep elf sorcerer (Elf:1)
  An orc warlord (Orc:2)
  A stone giant (Orc:2)
  A deep elf demonologist (Elf:1)
  Azrael (Orc:2)
  A deep elf death mage (Elf:1)
  The ghost of DrKenneth the Fighter, a novice MiBe of Trog (D:8)
  12 dancing weapons
  A thrashing horror (Elf:1)
  4 orc high priests (Orc:2)
  11 deep elf knights
  A sea snake (Elf:1)
  9 deep elf archers (Elf:1)
  An orc knight (Orc:2)
  A wizard (Elf:1)
  7 orc sorcerers
  30 deep elf magi
  Maurice (D:9)
  A guardian serpent (shapeshifter) (Elf:1)
  A gargoyle (D:9)
  A centaur skeleton (D:10)
  A tengu conjurer (Elf:1)
  3 trolls (Orc:2)
  Prince Ribbit (D:9)
  2 air elementals (Elf:1)
  A spriggan (D:7)
  A water elemental (Elf:1)
  A hungry ghost (D:7)
  2 hogs (Elf:1)
  9 yaks (D:10)
  Grum (D:10)
  2 hippogriffs
  A steam dragon (D:9)
  5 fire elementals
  5 wargs
  3 hell hounds (Orc:2)
  30 orc warriors
  2 sky beasts
  4 black bears
  4 ice beasts
  7 ogres
  2 wolves (D:10)
  A boggart (Elf:1)
  7 centaurs
  6 giant frogs
  A gnoll sergeant (D:5)
  An earth elemental (Elf:1)
  2 scorpions
  4 wights (D:7)
  4 howler monkeys
  A crimson imp (D:6)
  A giant frog zombie (D:10)
  2 human zombies (Ossuary)
  A quasit (D:8)
  3 jellies
  2 giant frog skeletons
  29 orc priests
  4 hounds
  31 orc wizards
  2 iguanas (D:4)
  5 worker ants
  3 hound zombies
  A hound skeleton (D:10)
  4 mummies (Ossuary)
  A worker ant zombie (D:9)
  A howler monkey skeleton (D:4)
  13 adders
  11 gnolls
  8 river rats
  A shadow imp (D:9)
  3 adder zombies
  2 adder skeletons (D:5)
  4 worms
  4 dart slugs
  3 giant geckos
  60 orcs
  5 giant cockroaches (D:4)
  6 goblins
  10 hobgoblins
  2 jackals (D:10)
  5 quokkas
  5 ball pythons (Sewer)
  4 bats (D:2)
  6 giant newts
  A hobgoblin zombie (Ossuary)
  A jackal skeleton (D:5)
  A jackal zombie (D:7)
  23 kobolds
  A kobold zombie (Ossuary)
  4 orc zombies (Ossuary)
  27 rats
  A rat zombie (Ossuary)
505 creatures vanquished.

Vanquished Creatures (others)
  A deep elf mage (Elf:1)
  4 humans (Elf:1)
  An orc wizard (Orc:2)
6 creatures vanquished.

Grand Total: 511 creatures vanquished

Notes
Turn   | Place    | Note
-------+----------+-------------------------------------------
     0 | D:1      | Deeps the Minotaur Fighter began the quest for the Orb.
     0 | D:1      | Reached XP level 1. HP: 19/19 MP: 0/0
   331 | D:1      | Reached XP level 2. HP: 24/27 MP: 1/1
   682 | D:2      | Reached skill level 3 in Axes
   770 | D:2      | Found a blossoming altar of Fedhas.
   849 | D:2      | Reached XP level 3. HP: 31/33 MP: 2/2
  1001 | D:2      | Reached skill level 4 in Axes
  1508 | D:3      | Reached XP level 4. HP: 20/40 MP: 3/3
  1557 | D:3      | Reached skill level 5 in Axes
  2206 | D:4      | Reached XP level 5. HP: 39/46 MP: 4/4
  2308 | D:4      | Reached skill level 6 in Axes
  2382 | D:4      | Gained mutation: You are partially covered in yellow scales. (AC +2) [potion of mutation]
  2382 | D:4      | Gained mutation: You are agile. (Dex +2) [potion of mutation]
  2382 | D:4      | Gained mutation: You have a pair of large horns on your head. [potion of mutation]
  2398 | D:4      | Reached skill level 7 in Axes
  2437 | D:4      | Reached XP level 6. HP: 44/52 MP: 5/5
  2445 | D:4      | Found a glowing drain.
  2464 | Sewer    | Entered a sewer
  2917 | Sewer    | Reached skill level 8 in Axes
  2936 | Sewer    | Reached skill level 1 in Stealth
  3717 | D:4      | Reached XP level 7. HP: 39/59 MP: 6/6
  3860 | D:4      | Reached skill level 9 in Axes
  4039 | D:5      | Entered Level 5 of the Dungeon
  4063 | D:5      | Found a staircase to the Ecumenical Temple.
  4086 | D:5      | Reached skill level 10 in Axes
  4111 | D:5      | Found a sand-covered staircase.
  4116 | Ossuary  | Entered an ossuary
  4416 | D:5      | Reached XP level 8. HP: 55/66 MP: 7/7
  4431 | D:5      | Reached skill level 11 in Axes
  4559 | Temple   | Entered the Ecumenical Temple
  4749 | D:5      | Found an iron altar of Okawaru.
  4761 | D:5      | Became a worshipper of Warmaster Okawaru
  4821 | D:5      | Reached skill level 12 in Axes
  5294 | D:6      | Found a radiant altar of Vehumet.
  5354 | D:7      | Found an opulent altar of Gozag.
  5358 | D:7      | Found Gozag's Platinum Reserve.
  5602 | D:7      | Reached skill level 13 in Axes
  5780 | D:7      | Found Fedam's Jewellery Emporium.
  5797 | D:7      | Paralysed by fainting for 8 turns
  5808 | D:7      | Reached XP level 9. HP: 71/71 MP: 8/8
  5853 | D:7      | Reached * piety under Okawaru
  6197 | D:7      | Reached skill level 14 in Axes
  6649 | D:8      | Noticed DrKenneth's ghost (novice MiBe)
  7110 | D:8      | Killed DrKenneth's ghost
  7110 | D:8      | Reached ** piety under Okawaru
  7110 | D:8      | Reached skill level 15 in Axes
  7476 | D:9      | Found a stormy altar of Qazlal.
  7521 | D:9      | Found a hazy altar of Hepliaklqana.
  7555 | D:9      | Noticed a gargoyle
  7578 | D:9      | Reached *** piety under Okawaru
  7578 | D:9      | Reached XP level 10. HP: 60/78 MP: 9/9
  7582 | D:9      | Reached skill level 16 in Axes
  7637 | D:9      | Got a ring of the Octopus King
  7643 | D:9      | Identified a ring of the Octopus King {rN+ AC+1 EV+1 Str+1 Int+1 Dex+1} (You found it on level 9 of the Dungeon)
  7658 | D:9      | Killed a gargoyle
  7848 | D:9      | Noticed Prince Ribbit
  7867 | D:9      | Killed Prince Ribbit
  8025 | D:9      | Found a deep blue altar of Sif Muna.
  8070 | D:9      | Noticed Maurice
  8081 | D:9      | Killed Maurice
  8081 | D:9      | Reached skill level 17 in Axes
  8140 | D:9      | Found an ancient bone altar of Kikubaaqudgha.
  8143 | D:9      | Found a shattered altar of Ashenzari.
  8152 | D:9      | Found a shimmering altar of Xom.
  8155 | D:9      | Found a white marble altar of Elyvilon.
  8741 | D:10     | Entered Level 10 of the Dungeon
  8756 | D:10     | Reached skill level 5 in Fighting
  8756 | D:10     | Reached skill level 5 in Shields
  8762 | D:10     | Reached **** piety under Okawaru
  8769 | D:10     | Reached skill level 5 in Armour
  8856 | D:10     | Received a gift from Okawaru
  8981 | D:10     | Reached XP level 11. HP: 82/91 MP: 10/10
  9073 | D:10     | Found Jyumyqadgh's Distillery.
  9247 | D:10     | Noticed Grum
  9261 | D:10     | Killed Grum
  9302 | D:10     | Found a staircase to the Orcish Mines.
  9462 | Orc:1    | Entered Level 1 of the Orcish Mines
  9462 | Orc:1    | Noticed Gastronok
  9866 | D:10     | Killed Gastronok
  9866 | D:10     | Reached ***** piety under Okawaru
 10039 | Orc:1    | Noticed an orc sorcerer
 10053 | Orc:1    | Killed an orc sorcerer
 10194 | Orc:1    | Noticed an orc sorcerer
 10200 | Orc:1    | Killed an orc sorcerer
 10259 | Orc:1    | Noticed an orc sorcerer
 10276 | Orc:1    | Paralysed by an orc sorcerer for 7 turns
 10285 | Orc:1    | Received a gift from Okawaru
 10292 | Orc:1    | Killed an orc sorcerer
 10485 | Orc:1    | Found Qoub's Jewellery Shoppe.
 10592 | Orc:2    | Entered Level 2 of the Orcish Mines
 10594 | Orc:2    | Noticed an orc knight
 10597 | Orc:2    | Noticed an orc sorcerer
 10619 | Orc:2    | Killed an orc knight
 10642 | Orc:2    | Killed an orc sorcerer
 10824 | Orc:2    | Found a staircase to the Elven Halls.
 10824 | Orc:2    | Noticed an orc sorcerer
 10824 | Orc:2    | Paralysed by an orc sorcerer for 4 turns
 10833 | Orc:2    | Killed an orc sorcerer
 10936 | Orc:2    | Noticed an orc high priest
 10939 | Orc:2    | Noticed an orc high priest
 10939 | Orc:2    | Noticed an orc high priest
 10950 | Orc:2    | Killed an orc high priest
 10950 | Orc:2    | Received a gift from Okawaru
 10955 | Orc:2    | Killed an orc high priest
 10955 | Orc:2    | Reached XP level 12. HP: 74/106 MP: 11/11
 10957 | Orc:2    | Killed an orc high priest
 10957 | Orc:2    | Reached skill level 10 in Fighting
 11186 | Orc:2    | Noticed an orc warlord
 11220 | Orc:2    | Killed an orc warlord
 11220 | Orc:2    | Reached skill level 10 in Shields
 11253 | Orc:2    | Reached ****** piety under Okawaru
 11514 | Orc:2    | Found a roughly hewn altar of Beogh.
 11515 | Orc:2    | Noticed a stone giant
 11556 | Orc:2    | Killed a stone giant
 11556 | Orc:2    | Reached skill level 10 in Armour
 11988 | Orc:2    | Noticed an orc high priest
 11997 | Orc:2    | Killed an orc high priest
 12053 | Orc:2    | Found Kowed's Distillery.
 12053 | Orc:2    | Found Ecry's Antique Armour Shop.
 12053 | Orc:2    | Found Far Vynk's Magic Scroll Shop.
 12057 | Orc:2    | Found Vos Vomn's Food Boutique.
 12092 | Orc:2    | Bought a shimmering chain mail for 247 gold pieces
 12102 | Orc:2    | Identified the +7 chain mail of the Stars {rCorr Str-2 Dex+4} (You bought it in a shop on level 2 of the Orcish Mines)
 12103 | Orc:2    | Bought a scroll of acquirement for 728 gold pieces
 12152 | Orc:2    | Noticed Azrael
 12181 | Orc:2    | Killed Azrael
 12442 | Elf:1    | Entered Level 1 of the Elven Halls
 12473 | Elf:1    | Received a gift from Okawaru
 12487 | Elf:1    | Found a radiant altar of Vehumet.
 12501 | Elf:1    | Noticed Kirke
 12520 | Elf:1    | Reached XP level 13. HP: 70/118 MP: 12/12
 12523 | Elf:1    | Killed Kirke
 12523 | Elf:1    | Reached skill level 1 in Evocations
 13450 | Elf:1    | Received a gift from Okawaru
 13763 | Elf:1    | Noticed a deep elf sorcerer
 13780 | Elf:1    | Cast into level 2 of the Abyss (a deep elf sorcerer)
 13810 | Abyss:2  | Found a viscous altar of Jiyva.
 13843 | Abyss:2  | Found a viscous altar of Jiyva.
 13862 | Elf:1    | Escaped the Abyss
 13867 | Elf:1    | Killed a deep elf sorcerer
 13867 | Elf:1    | Received a gift from Okawaru
 14156 | Elf:1    | Reached XP level 14. HP: 35/132 MP: 13/13
 15360 | Elf:1    | Received a gift from Okawaru
 15450 | Elf:1    | Reached skill level 15 in Fighting
 16329 | Elf:2    | Reached skill level 15 in Shields
 16355 | Elf:2    | Killed from afar by a deep elf mage

Vault maps used:
D:1:      dpeg_arrival_shrine, kennysheep_minor_cross, minmay_splitting_lines
D:2:      fedhas_altar_1
D:4:      first_bread, portal_sewer_entry_c, grunt_ministairs_6
D:5:      lemuel_doored_altar, enter_ossuary_5
D:6:      basic_altar
D:7:      nicolae_gozag_zags_fifth_avenue, serial_shops, shop_statue, the_bakery
D:9:      kennysheep_orc_sif_temple, marbit_many_paths,
          nicolae_qazlal_eye_of_the_storm, grunt_temple_overflow_cloverleaf,
          minmay_joined_circles, uniq_prince_ribbit1, uniq_maurice
D:10:     orc_0_dummy, serial_shops, shop, st_stairs_11, uniq_grum
Temple:   jpeg_temple_clearing
Orc:1:    serial_shops, shop, uniq_gastronok
Orc:2:    st_orc_mages, basic_altar, uniq_azrael
Elf:1:    eino_elf_arrival_altar, hangedman_elf_disciples, nrook_loot_triangle,
          uniq_kirke
Elf:2:    serial_shops, nicolae_shop_crystal, shop_coins,
          nicolae_shop_window_shopping
Sewer:    sewer_minmay_treatment
Ossuary:  ossuary_minmay_tomb_2a

Skill      XL: |  1  2  3  4  5  6  7  8  9 10 11 12 13 14 |
---------------+-------------------------------------------+-----
Fighting       | 4 6 9 12 14 15 | 15.4
Axes           | 3 4 5 7 8 10 13 15 17 | 17.0
Stealth        | 1 |  1.0
Shields        | 6 9 11 14 15 | 15.1
Armour         | 5 9 10 12 13 | 13.3
Evocations     | 1 |  1.0

Action                   |  1- 3 |  4- 6 |  7- 9 | 10-12 | 13-15 || total
-------------------------+-------+-------+-------+-------+-------++-------
Melee: War axe           |    83 |   181 |   334 |   256 |       ||   854
       Headbutt          |     8 |    27 |    76 |   158 |    73 ||   342
       Broad axe         |       |       |       |   292 |   313 ||   605
Evoke: Wand              |       |       |       |     2 |       ||     2
  Use: Scroll            |       |     9 |     4 |     4 |     1 ||    18
       Potion            |       |     9 |     1 |    15 |     5 ||    30
  Eat: Chunk             |     2 |     6 |     3 |     7 |     1 ||    19
       Bread ration      |       |     1 |     1 |     2 |     2 ||     6
       Beef jerky        |       |       |     2 |       |       ||     2
       Pizza             |       |       |     1 |       |       ||     1
       Meat ration       |       |       |       |     1 |       ||     1
       Fruit             |       |       |       |       |     2 ||     2
Armor: Scale mail        |    47 |    99 |   144 |       |       ||   290
       Chain mail        |       |       |     5 |   183 |   143 ||   331
Dodge: Dodged            |    20 |    59 |    59 |   102 |    78 ||   318
Block: Shield            |    35 |   101 |   136 |   268 |   170 ||   710
       Reflection        |       |       |       |       |     2 ||     2
